AoeStats
← MinhAnh X Loma Sugar plazmafield

Enclosed

504290356Analyzed
1v1 RM · 26d ago on Sep 4, 2026· 26m 45s· 2 players
Game mode
Random Map
Map size
Tiny (2 player)
Population
200
Speed
Normal
Resources
Standard
Victory
Conquest
Starting age
Dark Age
Ending age
Imperial Age
RankedLock teamsTeams togetherTeam positionsShared explorationLock speedFull tech treeHidden civsTurbo modeCheats
Victory
Defeat
🇧🇷 Franks · Brazil
1127
+15
1115
-15
MinhAnh X Loma Sugar plazmafield
10:29 Feudal Age
11:39 Double-Bit Axe
15:50 Castle Age
14:03 Horse Collar
16:34 Loom
17:31 Bow Saw
DELTA
6:53 Loom
9:39 Feudal Age
10:15 Double-Bit Axe
20:50 Castle Age
20:32 Gold Mining
21:02 Fletching
21:15 Light Cavalry
22:05 Husbandry
22:25 Crossbowman
25:15 Wheelbarrow
Connection lost

Rejoining the realm…

Still unreachable

The connection could not be restored.

Session expired

The server has moved on; the page needs a fresh start.